Map: Hardwire LE

Players

Serral

  • Race: Zerg Zerg

DPGrogue (Rogue) - Winner!

  • Race: Zerg Zerg

Event: TSL 8

VOD

Have the link to the VOD?

Description

Time

  • Played on: Dec. 12, 2021, 8:38 a.m.
  • Length: 7:34

All games in this series

Show
View Real Time Build Order
Export as new Build Order

Serral Zerg 

Build Orders: Hatch First 

Get SALT Encoding   

  12  0:00  Drone  
  13  0:11  Overlord  
  13  0:16  Drone  
  14  0:30  Drone x2  
  16  0:48  Hatchery  
  15  0:50  Drone  
  15  0:55  Drone  
  17  0:58  Drone  
  18  1:09  Extractor  
  17  1:13  Spawning Pool  
  17  1:16  Drone  
  17  1:19  Drone  
  18  1:28  Drone  
  19  1:38  Drone  
  20  1:56  Drone  
  20  2:00  Queen x2  
  25  2:01  Zergling x4  
  27  2:11  Zergling x2, Overlord  
  28  2:16  Spine Crawler, Baneling Nest  
  26  2:25  Zergling x4  
  28  2:35  Metabolic Boost  
  28  2:40  Drone x2  
  30  2:48  Queen  
  30  2:51  Overlord  
  32  2:55  Drone  
  33  3:01  Drone x2  
  35  3:09  Overlord  
  35  3:12  Drone x2  
  37  3:15  Drone  
  38  3:21  Overlord  
  38  3:22  Drone  
  38  3:25  Drone  
  40  3:28  Drone  
  41  3:36  Zergling x8  
  45  3:46  Zergling x2  
  45  3:53  Baneling x2  
  45  3:55  Zergling x6, Evolution Chamber  
  47  4:12  Drone x6, Hatchery  
  47  4:17  Baneling  
  52  4:24  Roach Warren  
  52  4:25  Baneling x3  
  52  4:27  Overlord  
  51  4:31  Overlord  
  51  4:33  Drone  
  51  4:37  Zerg Missile Weapons Level 1  
  52  4:43  Overlord  
  52  4:46  Drone x3  
  52  4:49  Extractor x2  
  52  4:50  Drone  
  54  4:55  Drone x2  
  54  4:56  Drone  
  57  5:03  Drone x2  
  57  5:05  Drone  
  57  5:08  Overlord  
  57  5:09  Drone x3  
  55  5:16  Zergling x8  
  55  5:20  Lair  
  58  5:23  Zergling x2  
  58  5:27  Zergling x4  
  60  5:37  Evolution Chamber  
  60  5:38  Baneling  
  58  5:43  Zergling x2  
  58  5:44  Zergling x2  
  58  5:46  Drone x6  
  66  5:57  Roach x3  
  72  6:03  Roach  
  72  6:04  Roach  
  75  6:09  Spine Crawler  
  74  6:12  Roach x3  
  74  6:15  Overlord  
  80  6:18  Roach x2  
  80  6:19  Roach  
  80  6:23  Baneling x4  
  86  6:27  Overlord  
  86  6:29  Roach  
  86  6:32  Overlord  
  88  6:34  Roach  
  88  6:35  Roach x2  
  88  6:39  Queen  
  94  6:49  Roach Warren  
  94  6:50  Roach x3  
  97  7:00  Baneling  
  97  7:01  Baneling x7  
  85  7:08  Zergling x4  
  85  7:09  Zergling x6  
Show
View Real Time Build Order
Export as new Build Order

DPGrogue Zerg - Winner!

Build Orders: Pool First 

Get SALT Encoding   

  12  0:00  Drone  
  13  0:12  Overlord  
  13  0:17  Drone  
  14  0:31  Drone x2  
  16  0:41  Spawning Pool  
  15  0:43  Drone  
  15  0:47  Drone  
  17  1:10  Hatchery  
  17  1:11  Drone  
  17  1:25  Extractor  
  16  1:27  Queen  
  16  1:28  Zergling x2  
  16  1:29  Zergling x2  
  16  1:31  Zergling x2  
  21  1:39  Overlord  
  21  1:51  Drone  
  22  2:00  Drone  
  23  2:03  Queen  
  25  2:12  Drone  
  26  2:22  Queen  
  28  2:24  Drone  
  28  2:26  Metabolic Boost  
  28  2:27  Drone  
  30  2:32  Drone  
  30  2:35  Drone  
  32  2:38  Drone  
  32  2:39  Drone  
  34  2:46  Overlord  
  34  2:49  Drone  
  34  2:50  Drone  
  36  2:57  Baneling Nest  
  35  3:04  Drone x2  
  37  3:12  Drone x2  
  39  3:15  Zergling x6  
  42  3:20  Overlord  
  42  3:26  Overlord  
  42  3:31  Zergling x4  
  43  3:41  Drone x4  
  47  3:45  Drone  
  47  3:47  Baneling  
  48  3:49  Baneling  
  48  3:51  Drone x3  
  51  3:57  Overlord  
  51  4:03  Hatchery  
  50  4:10  Evolution Chamber  
  50  4:11  Drone x2  
  50  4:17  Zergling x4  
  50  4:18  Zergling x4, Extractor x2  
  52  4:24  Drone x4  
  56  4:32  Drone  
  56  4:35  Roach Warren  
  56  4:36  Zerg Ground Armor Level 1  
  56  4:43  Zergling x8  
  59  4:50  Overlord  
  59  4:56  Overlord  
  59  4:57  Baneling x2  
  52  5:12  Zergling x8  
  53  5:15  Overlord  
  53  5:23  Roach x6  
  64  5:29  Roach x3  
  64  5:35  Baneling  
  70  5:37  Roach  
  70  5:38  Roach x2  
  75  5:44  Roach  
  75  5:45  Roach  
  75  5:48  Roach x2  
  82  5:53  Roach  
  86  5:57  Roach  
  86  5:58  Overlord  
  86  6:03  Roach, Overlord  
  88  6:12  Overlord  
  88  6:15  Zergling x2  
  88  6:18  Baneling x11  
  89  6:20  Zergling x2  
  89  6:22  Zergling x2  
  89  6:24  Zergling x2  
  92  6:30  Zergling x2  
  92  6:31  Zergling x6  
  96  6:38  Zergling x8  
  100  6:41  Ravager x3  
  102  6:47  Zergling x2  
  102  6:50  Zergling x4  
  102  6:54  Ravager  
  102  6:57  Zergling x2  
  102  6:58  Zergling x10  
  102  7:00  Ravager  
  102  7:01  Zergling x2  
  102  7:02  Zergling x2  
  97  7:10  Zergling x6  
  97  7:12  Zergling x2  
  95  7:16  Zergling x2  
Tags
 
Add a new tag
Caveats
  • Supply blocks, unpowered buildings, or Contaminate may cause inaccurate times.
  • Supply counts are checked every 10 seconds.